 Dungeon Crawl Stone Soup version 0.31.0-32-g396128a36d (webtiles) character file.

Game seed: 5765543778211423393

329 spaghetti the Caller (level 6, -4/41 HPs)
             Began as a Demonspawn Summoner on Mar 9, 2024.
             Slain by a gnoll
             ... wielding a +0 spear
             ... led by a gnoll bouda
              (5 damage)
             ... on level 6 of the Dungeon.
             The game lasted 00:04:56 (3307 turns).

spaghetti the Caller (Demonspawn Summoner)          Turns: 3307, Time: 00:04:56

Health: -4/41      AC:  6    Str:  8    XL:     6   Next: 25%
Magic:  3/12       EV: 12    Int: 17    God:
Gold:   187        SH:  0    Dex: 14    Spells: 9/14 levels left

rFire   . . .        d - staff of air
rCold   . . .        (no shield)
rNeg    . . .        a - +1 robe
rPois   .            (no helmet)
rElec   +            (no cloak)
rCorr   .            (no gloves)
SInv    .            (no boots)
Will    .....        (no amulet)
Stlth   ++           (no ring)
HPRegen 0.26/turn    (no ring)
MPRegen 0.13/turn

%: no passive effects
@: weak-willed
A: hooves 1, yellow scales 2, demonic magic 1
a: no special abilities


You were on level 6 of the Dungeon.
You visited 1 branch of the dungeon, and saw 6 of its levels.

You collected 187 gold pieces.

Inventory:

Missiles
 e - a throwing net
Armour
 a - a +1 robe (worn)
Magical Staves
 d - a staff of air (weapon)
Wands
 h - a wand of quicksilver (7)
Scrolls
 j - a scroll of fog
 l - a scroll of enchant weapon
 n - a scroll of immolation
 o - a scroll of enchant armour
Potions
 b - a potion of magic
 f - a potion of enlightenment
 g - a potion of ambrosia {unknown}
 q - a potion of mutation {unknown}
 r - 2 potions of might {unknown}


   Skills:
 - Level 1.7 Dodging
 - Level 1.7 Stealth
 + Level 4.5 Spellcasting
 + Level 6.0 Summonings


You had 9 spell levels left.
You knew the following spells:

 Your Spells              Type           Power      Damage    Failure   Level
b - Call Imp              Summ           48%        N/A       1%          2
c - Call Canine Familiar  Summ           24%        N/A       3%          3

Your spell library contained the following spells:

 Spells                   Type           Power      Damage    Failure   Level
 Summon Small Mammal      Summ           96%        N/A       1%          1
 Summon Blazeheart Golem  Fire/Summ      14%        N/A       38%         4
 Summon Lightning Spire   Summ/Air       21%        N/A       38%         4


Dungeon Overview and Level Annotations

Branches:
Dungeon (7/15)
 Temple: D:4-7

Altars:
Ashenzari
Okawaru
Yredelemnul

Shops:
D:1 (   D:2 (   D:4 :

Annotations:
D:3 1 runed translucent door


Innate Abilities, Weirdness & Mutations

You have large cloven feet.
You are mostly covered in yellow scales. (AC +3)
Spells you cast may paralyse adjacent enemies.


Message History

It is a scroll of amnesia.
Your memory of Summon Small Mammal unravels.
The gnoll bouda barks out a call to the hunt!
The gnolls pick up the pace!
The gnoll hits you from afar with a +0 spear.
The gnoll hits you but does no damage. The gnoll closely misses you.
Blink to where?
Press: ? - help, Dir - move target
Found a scroll labelled UBEEZE VITHUGAC.
As you read the scroll labelled PALUTE XANUI, it crumbles to dust.
It was a scroll of blinking.
As you read the scroll labelled JOREACV UCEXI, it crumbles to dust.
It is a scroll of enchant weapon.
You aren't carrying any weapons that can be enchanted.
Your quokka barely misses the gnoll.
As you read the scroll labelled ERPHOFI FOSI, it crumbles to dust.
Your body is wracked with pain!
* * * LOW HITPOINT WARNING * * *
The gnoll bouda convulses!
The gnoll convulses! x3
Your quokka convulses! x2
It was a scroll of torment.
Your familiar recovers from its injuries.
Something hits your quokka.
Your quokka dies!
Your quokka's corpse disappears in a puff of smoke!
As you read the scroll labelled WODUIX QUSH, it dissolves into smoke.
It was a scroll of fog.
The gnoll hits you but does no damage. The gnoll barely misses you.
The gnoll bouda hits you with a +0 whip!
* * * LOW HITPOINT WARNING * * *
As you read the scroll labelled UBEEZE VITHUGAC, it crumbles to dust.
A wave of despondency washes over your surroundings.
It was a scroll of vulnerability.
The gnoll misses you. x2
The gnoll bouda hits you with a +0 whip.
* * * LOW HITPOINT WARNING * * *
You feel better.
The gnoll hits you from afar with a +0 spear!
* * * LOW HITPOINT WARNING * * *
The gnoll hits you from afar with a +0 spear.
You die...

#
####o#########
.../oo...)#§§#
#lr.>o!#§§#
######.#@g#.#.
#.#§§§.....
#o#gg§.#?..
#.#....# #
#o#g...#
#r#....#
#.#r#..#
#.#§.#.#
#.##.#


You could see a gnoll bouda (weak-willed) and 2 gnolls.

Vanquished Creatures
  2 adders
  2 orcs (D:3)
  2 endoplasms
  A hobgoblin (D:1)
  7 jackals
  2 kobolds
  2 quokkas (D:2)
  2 bats
  A frilled lizard (D:3)
  2 goblins (D:1)
  A goblin skeleton (D:3)
  5 rats
29 creatures vanquished.

Vanquished Creatures (collateral kills)
  Grinder (D:4)
  A bombardier beetle (D:3)
  An adder (D:3)
  2 dart slugs
  A ribbon worm (D:2)
  3 orcs
  4 endoplasms
  A giant cockroach (D:1)
  4 goblins
  4 hobgoblins
  A jackal (D:2)
  A quokka (D:3)
  2 ball pythons
  3 bats
  A frilled lizard (D:2)
  6 kobolds
  5 rats
41 creatures vanquished.

Grand Total: 70 creatures vanquished

Notes
Turn   | Place    | Note
-------+----------+-------------------------------------------
     0 | D:1      | spaghetti the Demonspawn Summoner began the quest for the
                  | Orb.
     0 | D:1      | Reached XP level 1. HP: 13/13 MP: 3/3
   437 | D:1      | Gained mutation: You are partially covered in yellow
                  | scales. (AC +2) [demonic ancestry]
   437 | D:1      | Reached XP level 2. HP: 4/19 MP: 0/5
   514 | D:1      | Found Dajos Meko's Weapon Shop.
   665 | D:1      | Found a faded altar of an unknown god.
  1171 | D:2      | Found an iron altar of Okawaru.
  1225 | D:2      | Learned a level 2 spell: Call Imp
  1293 | D:2      | Found Qahe's Antique Weapon Emporium.
  1308 | D:2      | Gained mutation: You are mostly covered in yellow scales.
                  | (AC +3) [demonic ancestry]
  1308 | D:2      | Reached XP level 3. HP: 20/24 MP: 0/7
  1312 | D:2      | Learned a level 3 spell: Call Canine Familiar
  1860 | D:3      | Found a runed translucent door.
  1860 | D:3      | Noticed a human
  2007 | D:3      | Reached XP level 4. HP: 30/30 MP: 1/8
  2159 | D:3      | Found a broken altar of Ashenzari.
  2180 | D:3      | Reached skill level 5 in Summonings
  2474 | D:3      | Found a basalt altar of Yredelemnul.
  2740 | D:4      | Noticed Grinder
  2775 | D:4      | Killed Grinder
  2776 | D:4      | Reached skill level 6 in Summonings
  2776 | D:4      | Gained mutation: Spells you cast may paralyse adjacent
                  | enemies. [demonic ancestry]
  2776 | D:4      | Reached XP level 5. HP: 15/35 MP: 4/11
  2776 | D:4      | Gained mutation: You have large cloven feet. [demonic
                  | ancestry]
  2776 | D:4      | Reached XP level 6. HP: 18/41 MP: 4/12
  3144 | D:4      | Found Lyifeb's Self-Published Books.
  3200 | D:4      | You fall into a shaft and drop 3 floors!
  3307 | D:6      | HP: 1/41 [gnoll/+0 spear[a gnoll bouda] (7)]
  3307 | D:6      | Slain by a gnoll

Illustrated notes

Levels and vault maps discovered:
D:1:      dpeg_arrival_chambers_temple_mockup, layout_loops_ring, serial_shops,
          nicolae_shop_bloodbath_and_beyond, ebering_ecumenical_altar_abandoned
D:2:      layout_rooms, serial_shops, shop, basic_altar
D:3:      layout_rooms, dk_yredelemnul_ordeal, ashenzari_altar_1,
          grunt_decor_resistance
D:4:      layout_cave_pools, mainiacjoe_overflow_catwalk_spiral,
          nicolae_custom_books, uniq_grinder, uniq_pikel
D:6:      layout_basic, temple_pool_b
D:7:      layout_cave_pools, kiku_gazebo_pond_becter,
          mainiacjoe_overflow_tiny_flanked, supply_closet_lemuel

Skill      XL: |  1  2  3  4 |
---------------+-------------+-----
Spellcasting   | 3 4 |  4.5
Summonings     | 6 |  6.0
Dodging        | |  1.7
Stealth        | |  1.7

Action                     |  1- 3 |  4- 6 || total
---------------------------+-------+-------++-------
  Melee: Unarmed           |    20 |       ||    20
         Staff             |    85 |    71 ||   156
         Punch             |     1 |     1 ||     2
         Kick              |       |     7 ||     7
   Cast: Summon Small Mamm |    33 |    14 ||    47
         Call Imp          |     7 |    10 ||    17
         Call Canine Famil |     5 |    11 ||    16
    Use: Scroll            |     2 |    10 ||    12
         Potion            |       |     4 ||     4
   Stab: Sleeping          |     2 |       ||     2
         Distracted        |     1 |       ||     1
         Paralysed         |       |     2 ||     2
 Armour: Robe              |    92 |    66 ||   158
         Skin              |       |     4 ||     4
  Dodge: Dodged            |   100 |    76 ||   176
